 Dungeon Crawl Stone Soup version 0.31-a0-180-g519b7de00c (webtiles) character file.

Game seed: 9133097813365732826

5098 ragingrage the Fencer (level 10, -2/115 HPs)
             Began as a Barachi Chaos Knight on June 19, 2023.
             Was a Plaything of Xom.
             Slain by a wolf (6 damage)
             ... led by Grum
             ... on level 9 of the Dungeon.
             The game lasted 00:08:16 (7998 turns).

ragingrage the Fencer (Barachi Chaos Knight)        Turns: 7998, Time: 00:08:16

Health: -2/115     AC:  7    Str: 13 (14) XL:     10   Next: 57%
Magic:  0/10       EV: 13    Int: 11 (13) God:    Xom [*.....]
Gold:   46         SH:  0    Dex: 14 (15) Spells: 9/9 levels left

rFire   . . .        a - +4 scimitar (flame)
rCold   . . .        (no shield)
rNeg    . . .        D - +2 leather armour
rPois   .            (no helmet)
rElec   .            (no cloak)
rCorr   .            w - +0 pair of gloves
SInv    +            (no boots)
Will    .....        d - amulet of guardian spirit Stlth
                     j - ring of see invisible
HPRegen 0.39/turn    (no ring)
MPRegen 0.12/turn

%: guardian spirit
@: berserking, quick
A: amphibious, slowness 1, strong legs 1, +LOS, deterioration 1
a: Hop, Renounce Religion


You were on level 9 of the Dungeon.
You worshipped Xom.
You were a special plaything of Xom.
You visited 1 branch of the dungeon, and saw 9 of its levels.

You collected 578 gold pieces.
You spent 532 gold pieces at shops.

Inventory:

Hand Weapons
 a - a +4 scimitar of flaming (weapon)
 A - a +5 short sword of electrocution
Missiles
 o - 4 atropa-tipped darts
 t - 8 boomerangs
 O - 4 poisoned darts
Armour
 w - a +0 pair of gloves (worn)
 D - a +2 leather armour (worn)
Jewellery
 d - an amulet of guardian spirit (around neck)
 j - a ring of see invisible (left hand)
Wands
 v - a wand of mindburst (7)
 E - a wand of polymorph (6)
Scrolls
 f - a scroll of fear {unknown}
 g - a scroll of vulnerability {unknown}
 i - 3 scrolls of blinking
 k - 4 scrolls of immolation
 q - 3 scrolls of enchant weapon
 s - 3 scrolls of teleportation
 u - a scroll of fog {unknown}
 x - a scroll of revelation {unknown}
 y - a scroll of acquirement {unknown}
 H - 2 scrolls of silence
 I - 2 scrolls of amnesia
 J - 4 scrolls of brand weapon
 K - a scroll of torment {unknown}
 L - a scroll of enchant armour {unknown}
Potions
 b - a potion of heal wounds {unknown}
 e - 2 potions of curing
 h - 3 potions of resistance
 l - a potion of enlightenment {unknown}
 m - a potion of magic
 n - a potion of brilliance
 p - 2 potions of mutation
 r - a potion of cancellation {unknown}
 z - a potion of lignification {unknown}
 B - a potion of haste {unknown}
 C - a potion of ambrosia {unknown}
 G - 3 potions of might {unknown}
 M - a potion of attraction {unknown}
Miscellaneous
 c - a piece from Xom's chessboard (14/15) (quivered)


   Skills:
 + Level 6.7 Fighting
 - Level 3.2(9.7) Short Blades
 - Level 15.2(15.4) Long Blades
 + Level 6.2 Armour
 - Level 4.0 Dodging
 - Level 2.0 Stealth


You had 9 spell levels left.
You didn't know any spells.
Your spell library contained the following spells:

 Spells                   Type           Power      Damage    Failure   Level
 Apportation              Tloc           0%         N/A       41%         1
 Magic Dart               Conj           0%         1d3       41%         1
 Necrotise                Necr           0%         1d4       41%         1
 Summon Small Mammal      Summ           0%         N/A       41%         1
 Call Imp                 Summ           0%         N/A       54%         2
 Poisonous Vapours        Pois/Air       0%         N/A       54%         2
 Mephitic Cloud           Conj/Pois/Air  0%         N/A       78%         3
 Freezing Cloud           Conj/Ice/Air   0%         6-21      100%        5


Dungeon Overview and Level Annotations

Branches:
Dungeon (9/15)             Temple (0/1) D:7
   Lair: D:8-11         Orc: D:9-12

Altars:
Dithmenos
Hepliaklqana
Kikubaaqudgha
Vehumet
Yredelemnul

Shops:
D:5 !   D:8 *   D:9 (

Annotations:
D:5 1 runed translucent door, Crazy Yiuf
D:9 Amaemon


Innate Abilities, Weirdness & Mutations

You are amphibious.
You cover ground slowly.
You can hop short distances.
You have an extended range of vision and can be seen from far away.
Your body sometimes deteriorates upon taking damage.


Message History

Grum growls angrily.
You hear a howl! x2
Throw: 8 boomerangs
Press: ? - help, Shift-Dir - straight line, f/p - Grum
Aim: Grum, wielding a +0 spear and wearing a +0 animal skin (almost dead, 65% to hit)
You throw a boomerang. The boomerang hits Grum.
You kill Grum!
You hear a splash. x3
The wolf howls!
The wolf attacks as you move away!
The wolf splashes around in the water.
The wolf attacks as you move away! The wolf closely misses you.
The wolf attacks as you move away! The wolf bites you. The wolf misses you.
The wolf bites you. The wolf attacks as you move away! The wolf bites you!
* * * LOW HITPOINT WARNING * * *
The wolf bites you.
* * * LOW HITPOINT WARNING * * *
You completely miss the wolf. The wolf misses you.
You barely miss the wolf. The wolf bites you but does no damage.
The wolf bites you.
* * * LOW HITPOINT WARNING * * *
You miss the wolf. The wolf bites you but does no damage.
The wolf closely misses you.
You closely miss the wolf. The wolf bites you!
* * * LOW HITPOINT WARNING * * *
The wolf bites you but does no damage.
You slash the wolf! You burn the wolf. The wolf bites you.
* * * LOW HITPOINT WARNING * * *
The wolf closely misses you. The wolf bites you but does no damage.
You slash the wolf! You burn the wolf. The wolf barely misses you.
The wolf completely misses you.
A red film seems to cover your vision as you go berserk!
You feel yourself moving faster!
You feel mighty! The wolf bites you but does no damage. The wolf bites you.
* * * LOW HITPOINT WARNING * * *
The wolf barely misses you. The wolf bites you!
* * * LOW HITPOINT WARNING * * *
You completely miss the wolf. The wolf bites you!
You die...
Xom bursts into laughter!

#..#.#~~~~#.....# #..........#
#..#.#.~~.......# #......###.####
.....#.#######.####......###.#...
.....................#.......#...
.##.)#.#########.#####.~~#####...
<#).<..# #.....#~~~~# #...
###...##### #####.~~~~~####.##
'.+.......+ #.h.#~~~~~~#....##
###...##### #@#.#.~~~~~#...... #
#...+ #h#~~..~~~~#...### # #...+
.### #h~~~h..~~........ # ##.....
.....#~~~h~~........... # #...[.#
####~~~~~~~~####......
#..........~~~~~~~~~~.........
..########~~~~~~~†~~#........ ...
/...~~~~~~~~##........ ....
.....#~~~~~).##........


You could see 3 wolves.

Vanquished Creatures
  Erica (D:9)
  Pikel (D:6)
  A shining eye (D:7)
  A komodo dragon (D:9)
  Sigmund (D:6)
  A shadow (D:9)
  Grum (D:9)
  A steam dragon (D:6)
  Edmund (D:4)
  Menkaure (D:4)
  3 water moccasins
  2 sky beasts (D:7)
  An ice beast (D:7)
  2 ogres
  2 lemures (D:6)
  A wolf (D:9)
  A phantom (D:6)
  5 bullfrogs
  2 scorpions
  3 wights (D:8)
  2 killer bees (D:7)
  2 vampire bats (D:3)
  2 howler monkeys (D:8)
  2 electric eels (D:9)
  A hound (D:6)
  A gnoll bouda (D:7)
  3 jellies
  A sleepcap (D:6)
  6 iguanas
  6 orc wizards
  6 gnolls (D:7)
  8 adders
  A shadow imp (D:5)
  2 white imps (D:5)
  An ufetubus (D:6)
  5 worms
  21 orcs
  2 bat skeletons (D:3)
  2 bat zombies (D:3)
  5 endoplasms
  3 giant cockroaches
  7 goblins
  12 hobgoblins
  8 jackals
  4 quokkas
  4 ball pythons
  3 bats
  4 frilled lizards
  2 kobolds
  3 rats
161 creatures vanquished.

Vanquished Creatures (collateral kills)
  A lemure (D:6)
  An orc (D:6)
2 creatures vanquished.

Vanquished Creatures (others)
  An orc zombie (D:4)
1 creature vanquished.

Grand Total: 164 creatures vanquished

Notes
Turn   | Place    | Note
-------+----------+-------------------------------------------
     0 | D:1      | ragingrage the Barachi Chaos Knight began the quest for the
                  | Orb.
     0 | D:1      | Reached XP level 1. HP: 18/18 MP: 1/1
    50 | D:1      | Reached skill level 4 in Long Blades
    70 | D:1      | Reached XP level 2. HP: 24/24 MP: 2/2
   913 | D:2      | Reached skill level 5 in Long Blades
   913 | D:2      | Reached XP level 3. HP: 29/29 MP: 3/3
   997 | D:2      | Found a basalt altar of Yredelemnul.
  1009 | D:2      | XOM: silly message
  1013 | D:2      | Reached XP level 4. HP: 28/36 MP: 4/4
  1185 | D:2      | Reached skill level 6 in Long Blades
  1404 | D:3      | XOM: silly message
  1520 | D:3      | XOM: silly message
  1794 | D:3      | Found an ancient bone altar of Kikubaaqudgha.
  1796 | D:3      | XOM: divination: magic mapping
  1799 | D:3      | XOM: fake destruction
  1812 | D:3      | XOM: summons 1 hostile shadow creature
  1813 | D:3      | Reached XP level 5. HP: 38/41 MP: 3/5
  1813 | D:3      | XOM: blink monster(s)
  1816 | D:3      | XOM: polymorph bat -> orc
  1824 | D:3      | Reached skill level 7 in Long Blades
  1943 | D:3      | XOM: god gift: book of Cantrips
  2026 | D:3      | Reached XP level 6. HP: 43/47 MP: 4/6
  2329 | D:4      | Noticed Menkaure
  2407 | D:4      | Reached skill level 8 in Long Blades
  2438 | D:4      | XOM: silly message
  2535 | D:4      | XOM: silly message
  2602 | D:4      | Found a shadowy altar of Dithmenos.
  2605 | D:4      | Noticed Edmund
  2607 | D:4      | XOM: god gift: 5 atropa-tipped darts
  2628 | D:4      | Killed Edmund
  2629 | D:4      | Reached skill level 9 in Long Blades
  2629 | D:4      | Reached XP level 7. HP: 35/52 MP: 5/7
  2956 | D:4      | XOM: butterfly on damage
  2978 | D:3      | XOM: potion effect (brilliance)
  2987 | D:3      | Reached skill level 10 in Long Blades
  3168 | D:4      | Found the +6 shillelagh "Devastator" {shatter}
  3315 | D:4      | Killed Menkaure
  3379 | D:5      | Entered Level 5 of the Dungeon
  3387 | D:5      | XOM: potion effect (invisibility)
  3455 | D:5      | Reached skill level 11 in Long Blades
  3552 | D:5      | Reached XP level 8. HP: 50/59 MP: 5/8
  3605 | D:5      | Identified the +6 hammer "Xaewn" {pain, rN+}
  3607 | D:5      | Found a runed translucent door.
  3608 | D:5      | Noticed Crazy Yiuf
  3754 | D:5      | Found Kurogatu's Distillery.
  3764 | D:5      | Bought a potion of curing for 33 gold pieces
  3764 | D:5      | Bought a potion of berserk rage for 55 gold pieces
  4004 | D:6      | Noticed Sigmund
  4010 | D:6      | Killed Sigmund
  4011 | D:6      | Reached skill level 12 in Long Blades
  4057 | D:6      | XOM: noise
  4102 | D:6      | Noticed Pikel
  4104 | D:6      | XOM: noise
  4105 | D:6      | XOM: stat loss: -1 Int (12/13)
  4113 | D:6      | Killed Pikel
  4114 | D:6      | Reached skill level 13 in Long Blades
  4114 | D:6      | Reached XP level 9. HP: 64/64 MP: 7/9
  4118 | D:6      | HP: 3/64 [+0 club[Xom] (11)]
  4367 | D:6      | XOM: smoke on damage
  4372 | D:6      | XOM: butterfly on damage
  4376 | D:6      | Reached skill level 14 in Long Blades
  4640 | D:6      | Found a radiant altar of Vehumet.
  5255 | D:6      | XOM: summons 3 hostile demons
  5286 | D:6      | XOM: summons 5 hostile demons
  5346 | D:7      | XOM: silly message
  5350 | D:7      | Found a staircase to the Ecumenical Temple.
  5350 | D:7      | XOM: 6-stop teleportation journey
  5628 | D:7      | Reached skill level 15 in Long Blades
  5631 | D:7      | XOM: polymorph killer bee -> gnoll
  5770 | D:7      | XOM: scenery: 1 doors close
  6024 | D:7      | XOM: scenery: 1 doors open, 1 doors close
  6115 | D:7      | Reached skill level 1 in Stealth
  6220 | D:7      | XOM: 1-stop teleportation journey
  6439 | D:7      | XOM: divination: magic mapping
  6911 | D:8      | XOM: swap monsters
  6957 | D:8      | Found a hazy altar of Hepliaklqana.
  6961 | D:8      | Noticed a two-headed ogre
  6965 | D:8      | Reached XP level 10. HP: 73/73 MP: 10/10
  6967 | D:8      | XOM: polymorph orc -> iguana
  6968 | D:7      | a two-headed ogre changed into a shining eye
  6968 | D:7      | Noticed a shining eye
  6968 | D:7      | XOM: polymorph two-headed ogre -> shining eye
  6971 | D:7      | Gained mutation: Your body sometimes deteriorates upon
                  | taking damage. [a shining eye]
  6980 | D:7      | Killed a shining eye
  6981 | D:7      | Reached skill level 5 in Fighting
  7043 | D:8      | Found Jetyobit's Assorted Antiques.
  7050 | D:8      | Bought a scroll labelled LAUPPA CEFUI for 30 gold pieces
  7419 | D:9      | Found Hidecevu's Weapon Shoppe.
  7428 | D:9      | Reached skill level 5 in Armour
  7443 | D:9      | Bought a +5 short sword of electrocution for 414 gold
                  | pieces
  7468 | D:9      | XOM: enchant monster (bad)
  7470 | D:9      | Reached skill level 1 in Short Blades
  7503 | D:9      | XOM: noise
  7506 | D:9      | Noticed Erica
  7509 | D:8      | XOM: confusion (+ monsters)
  7621 | D:9      | XOM: scenery: 1 doors close
  7640 | D:9      | Killed Erica
  7708 | D:9      | XOM: enchant monster (bad)
  7709 | D:9      | XOM: summons friendly quasit
  7908 | D:9      | Noticed Grum
  7913 | D:9      | XOM: divination: detect creatures
  7914 | D:9      | Noticed Amaemon
  7914 | D:9      | Noticed an orange demon
  7914 | D:9      | XOM: 5-stop teleportation journey
  7926 | D:9      | XOM: enchant monster (bad)
  7983 | D:9      | Killed Grum
  7997 | D:9      | HP: 3/115 [wolf[Grum] (6)]
  7998 | D:9      | Slain by a wolf

Illustrated notes

Levels and vault maps discovered:
D:1:      minmay_arrival_jagged, layout_basic, serial_curves, eino_curves_03,
          eino_curves_01
D:2:      layout_rooms, basic_altar, minmay_pentomino_q2
D:3:      layout_basic, kennysheep_vampire_church
D:4:      layout_loops_ring, mainiacjoe_overflow_paths, uniq_menkaure,
          uniq_edmund
D:5:      layout_cave_pools, serial_shops, shop, st_stairs_1,
          amcnicky_mini_pool_medium, uniq_crazy_yiuf_cottage
D:6:      layout_gridville, vehumet_crystals, uniq_pikel, uniq_sigmund
D:7:      layout_gridville, minmay_temple_entry_gardened_gates,
          minmay_misc_feat_nine_boxes
D:8:      layout_loops_ring, lemuel_crystal_altar, serial_shops,
          nicolae_shop_stone
D:9:      layout_basic, serial_shops, shop, nicolae_shop_unique_rings,
          uniq_grum, uniq_erica, uniq_amaemon

Skill      XL: |  1  2  3  4  5  6  7  8  9 10 |
---------------+-------------------------------+-----
Long Blades    | 4 5 6 7 9 11 13 15 | 15.2
Stealth        | 2 |  2.0
Fighting       | 4 6 |  6.7
Armour         | 4 6 |  6.2
Dodging        | 2 4 |  4.0
Short Blades   | 3 |  3.2

Action                     |  1- 3 |  4- 6 |  7- 9 | 10-12 || total
---------------------------+-------+-------+-------+-------++-------
  Melee: Falchion          |    82 |   122 |    96 |    32 ||   332
         Punch             |       |     2 |     5 |     1 ||     8
         Shillelagh        |       |       |   144 |       ||   144
         Scimitar          |       |       |       |    28 ||    28
         Short sword       |       |       |       |    14 ||    14
         Great sword       |       |       |       |    10 ||    10
  Throw: Dart              |       |       |     1 |     4 ||     5
         Boomerang         |       |       |       |     3 ||     3
Ability: Hop               |       |       |     1 |       ||     1
  Evoke: Piece from Xom's  |       |     3 |       |     3 ||     6
         Wand              |       |       |       |     2 ||     2
    Use: Scroll            |       |     7 |     5 |     2 ||    14
         Potion            |       |       |     2 |     2 ||     4
   Stab: Sleeping          |     1 |     1 |     2 |     2 ||     6
         Confused          |       |       |     2 |       ||     2
         Invisible         |       |       |     1 |       ||     1
 Armour: Leather armour    |    32 |    43 |    75 |    16 ||   166
  Dodge: Dodged            |    51 |    98 |   155 |    54 ||   358

Table legend: (Time is in decaauts)
 A = Elapsed time spent in this place.
 B = Non-inter-level travel time spent in this place.
 C = Inter-level travel time spent in this place.
 D = Time resting spent in this place.
 E = Time spent auto-exploring this place.
 F = Levels seen in this place.
 G = Mean time per level.
                   A        B        C        D        E       F      G
               +--------+--------+--------+--------+--------+-----+--------+
         Total |   8912 |   8511 |    401 |   1829 |   5327 |   9 |  990.2 |
       Dungeon |   8912 |   8511 |    401 |   1829 |   5327 |   9 |  990.2 |
               +--------+--------+--------+--------+--------+-----+--------+

Top non-repeatable levels by time:
     D:6: 1462 daAuts
     D:7: 1352 daAuts
     D:4: 1126 daAuts
     D:3: 1095 daAuts
     D:1: 1055 daAuts
     D:8: 1042 daAuts
     D:5: 707 daAuts
     D:2: 577 daAuts
     D:9: 492 daAuts
